 Dungeon Crawl Stone Soup version 0.28.0-53-g5a82cb258f (webtiles) character file.

Game seed: 1310456218487871118

7935 pkoi the Zephyrmancer (level 10, -8/83 HPs)
             Began as a Demigod Air Elementalist on June 1, 2022.
             Mangled by Grum
             ... wielding a +0 spear
              (17 damage)
             ... on level 9 of the Dungeon.
             The game lasted 00:17:26 (11922 turns).

pkoi the Zephyrmancer (Demigod Air Elementalist)   Turns: 11922, Time: 00:17:27

Health: -8/83      AC: 14    Str:  9    XL:     10   Next: 73%
Magic:  25/27      EV: 12    Int: 29    God:
Gold:   628        SH:  0    Dex: 16    Spells: 3/15 levels left

rFire   . . .      SeeInvis .   t - +10 mace "Hawamump" {venom, rPois rCorr Dex+4}
rCold   + . .      Faith    .   (no shield)
rNeg    . . .      Spirit   .   E - +4 ring mail
rPois   +          Reflect  .   r - +0 helmet
rElec   +          Harm     .   D - +0 cloak
rCorr   +          Rampage  .   o - +0 pair of gloves
Will    +....                   l - +0 pair of boots
Stlth   ++........              h - amulet "Zesagac" {rElec Regen+ MP+9 Dex-2}
HPRegen 1.03/turn               i - ring of poison resistance
MPRegen 0.20/turn               x - ring of protection from cold

@: no status effects
A: high MP 1, forlorn, divine attributes
a: no special abilities


You were on level 9 of the Dungeon.
You visited 1 branch of the dungeon, and saw 9 of its levels.

You collected 628 gold pieces.

Inventory:

Hand Weapons
 b - a +0 mace
 q - a +3 spectral quarterstaff
 t - the +10 mace "Hawamump" (weapon) {venom, rPois rCorr Dex+4}
   (You found it on level 4 of the Dungeon)

   It poisons the flesh of those it strikes.
   Dex:       It affects your dexterity (+4).
   rPois:     It protects you from poison.
   rCorr:     It protects you from acid and corrosion.
 w - a +4 vampiric short sword
Missiles
 e - 15 poisoned darts
Armour
 a - a +0 robe
 l - a +0 pair of boots (worn)
 o - a +0 pair of gloves (worn)
 r - a +0 helmet (worn)
 D - a +0 cloak (worn)
 E - a +4 ring mail (worn)
Jewellery
 h - the amulet "Zesagac" (around neck) {rElec Regen+ MP+9 Dex-2}
   (You acquired it on level 8 of the Dungeon)

   [amulet of regeneration]

   Dex:       It affects your dexterity (-2).
   rElec:     It insulates you from electricity.
   MP:        It affects your magic capacity (+9).
   Regen:     It increases your rate of health regeneration.
 i - a ring of poison resistance (left hand)
 m - the amulet "Diuhujif" {RegenMP Rampage Will- rCorr Int+6 Stlth-}
   (You took it off a kobold on level 2 of the Dungeon)

   [amulet of magic regeneration]

   It increases your rate of magic regeneration.
   Int:       It affects your intelligence (+6).
   rCorr:     It protects you from acid and corrosion.
   Rampage:   It bestows one free step when moving towards enemies.
   Will:      It decreases your willpower.
   Stlth:     It makes you less stealthy.
 x - a ring of protection from cold (right hand)
Wands
 s - a wand of polymorph (11)
 z - a wand of paralysis (7)
 B - a wand of flame (11)
 C - a wand of mindburst (14)
Scrolls
 c - a scroll of silence
 k - 10 scrolls of teleportation
 v - 6 scrolls of amnesia
 y - a scroll of holy word
 A - 2 scrolls of enchant weapon
Potions
 d - a potion of berserk rage
 f - 3 potions of heal wounds
 g - 2 potions of haste
 j - a potion of brilliance
 p - 2 potions of flight
 u - 2 potions of curing


   Skills:
 + Level 5.7 Fighting
 - Level 0.6 Staves
 + Level 4.9 Armour
 + Level 5.8 Dodging
 - Level 3.0 Stealth
 + Level 3.1 Spellcasting
 + Level 2.9 Conjurations
 + Level 2.6 Transmutations
 - Level 11.0 Air Magic
 + Level 2.7 Evocations


You had 3 spell levels left.
You knew the following spells:

 Your Spells              Type           Power      Damage    Failure   Level
a - Shock                 Conj/Air       100%       1d9       1%          1
b - Static Discharge      Conj/Air       45%        N/A       1%          2
c - Airstrike             Air            31%        N/A       1%          4
d - Passwall              Tmut/Erth      10%        N/A       17%         2
q - Swiftness             Air            62%        N/A       1%          3

Your spell library contained the following spells:

 Spells                   Type           Power      Damage    Failure   Level
 Magic Dart               Conj           84%        1d7       5%          1
 Searing Ray              Conj           42%        2d6       9%          2
 Animate Skeleton         Necr           8%         N/A       19%         1
 Apportation              Tloc           8%         N/A       19%         1
 Pain                     Necr           16%        1d4       19%         1
 Slow                     Hex            16%        N/A       19%         1
 Summon Small Mammal      Summ           16%        N/A       19%         1
 Ensorcelled Hibernation  Hex/Ice        8%         N/A       28%         2
 Sublimation of Blood     Necr           4%         N/A       28%         2
 Conjure Flame            Conj/Fire      13%        6-21      30%         3
 Ignite Poison            Fire/Tmut/Pois 9%         N/A       36%         3
 Call Canine Familiar     Summ           4%         N/A       50%         3
 Confusing Touch          Hex            4%         N/A       50%         3
 Frozen Ramparts          Ice            8%         1d2       50%         3
 Gell's Gravitas          Tloc           4%         N/A       50%         3
 Portal Projectile        Hex/Tloc       8%         N/A       50%         3
 Summon Guardian Golem    Hex/Summ       4%         N/A       50%         3
 Teleport Other           Tloc           4%         N/A       50%         3
 Vampiric Draining        Necr           4%         2d6       50%         3
 Fulminant Prism          Conj/Hex       6%         3d7       71%         4
 Sticky Flame             Conj/Fire      13%        2d4       71%         4
 Ice Form                 Ice/Tmut       12%        N/A       73%         4
 Petrify                  Tmut/Erth      12%        N/A       73%         4
 Irradiate                Conj/Tmut      10%        3d17      86%         5
 Leda's Liquefaction      Hex/Erth       2%         N/A       88%         4
 Summon Ice Beast         Ice/Summ       4%         N/A       88%         4
 Alistair's Intoxication  Tmut/Pois      8%         N/A       97%         5
 Dispersal                Tloc           2%         N/A       100%        6
 Disjunction              Tloc           2%         N/A       100%        8


Dungeon Overview and Level Annotations

Branches:
Dungeon (9/15)             Temple (0/1) D:4
   Lair: D:8-11         Orc: D:9-12

Shops:
D:2 *

Annotations:
D:4 2 transporters, klau3's ghost, amateur MiBe
D:9 Grum


Innate Abilities, Weirdness & Mutations

You have an increased reservoir of magic. (+10% MP)
You shall have no god before yourself.
Your divine heritage dramatically boosts your attributes as you level up.


Message History

The wolf howls!
You sock the wolf!
The wolf is poisoned.
The wolf is severely wounded.
The wolf closely misses you.
The wolf bites you but does no damage. x2
You sock the wolf!
You kill the wolf!
Grum barely misses you. Grum hits you with a +0 spear.
You closely miss Grum. Grum hits you with a +0 spear!
* * * LOW HITPOINT WARNING * * *
Grum grunts.
Grum hits you with a +0 spear.
* * * LOW HITPOINT WARNING * * *
You barely miss Grum. Grum hits you with a +0 spear.
* * * LOW HITPOINT WARNING * * *
You sock Grum!
Grum is moderately wounded.
Grum hits you with a +0 spear!
* * * LOW HITPOINT WARNING * * *
You barely miss Grum.
Grum is moderately wounded.
Grum hits you with a +0 spear!
* * * LOW HITPOINT WARNING * * *
Grum hits you with a +0 spear.
* * * LOW HITPOINT WARNING * * *
You closely miss Grum.
Grum is moderately wounded.
Grum hits you with a +0 spear!
* * * LOW HITPOINT WARNING * * *
Unknown command.
Casting: Shock (safe; 1% risk of failure)
Confirm with . or Enter, or press ? or * to list all spells.
Grum is struck by an arc of lightning!
Grum is heavily wounded.
The lightning grounds out.
Grum hits you with a +0 spear.
* * * LOW HITPOINT WARNING * * *
Unknown command.
Unknown command.
Grum hits you from afar with a +0 spear!
You die...

#.. #.# #.. #.#
#h# #h# #g# #.#
#@# #.# #.#
#########
#.######.......#
#..(.....# #.#
########.# #.##
#.# #.. #.#
#.###
#.#####<...


You could see Grum and 2 wolves.

Vanquished Creatures
  Gastronok (D:8)
  2 two-headed ogres (D:8)
  Joseph (D:8)
  A troll (D:7)
  2 wyverns
  4 yaks (D:9)
  2 vampires
  An acid dragon (D:9)
  2 orc warriors
  A black bear (D:6)
  3 sky beasts
  2 necrophages (D:6)
  2 wolves (D:9)
  5 ogres
  3 centaurs
  A kobold brigand (D:5)
  A bullfrog (D:6)
  A wyvern zombie (D:8)
  3 water moccasin zombies (D:6)
  3 scorpions
  A wyvern skeleton (D:6)
  2 water moccasin skeletons
  11 killer bees
  4 wights (D:6)
  A centaur zombie (D:6)
  2 bullfrog zombies (D:7)
  4 hounds
  2 bullfrog skeletons (D:4)
  3 orc priests
  2 centaur skeletons
  2 jellies
  4 iguanas
  4 orc wizards
  A scorpion zombie (D:5)
  A statue (D:5)
  A killer bee zombie (D:6)
  2 hound zombies (D:5)
  3 hound skeletons
  4 gnolls (D:5)
  7 adders
  A howler monkey skeleton (D:7)
  A white imp (D:6)
  An ufetubus (D:4)
  An adder zombie (D:5)
  A worm (D:3)
  2 dart slugs
  17 orcs
  6 bats
  8 endoplasms
  3 giant cockroaches
  8 goblins
  6 hobgoblins
  9 jackals
  4 quokkas
  14 ball pythons
  A frilled lizard (D:2)
  10 kobolds
  5 rats
200 creatures vanquished.

Vanquished Creatures (collateral kills)
  An orc wizard (D:6)
  An orc (D:6)
2 creatures vanquished.

Grand Total: 202 creatures vanquished

Notes
Turn   | Place    | Note
-------+----------+-------------------------------------------
     0 | D:1      | pkoi the Demigod Air Elementalist began the quest for the
                  | Orb.
     0 | D:1      | Reached XP level 1. HP: 14/14 MP: 5/5
   286 | D:1      | Reached skill level 3 in Air Magic
   532 | D:1      | Reached XP level 2. HP: 20/20 MP: 5/7
  1625 | D:2      | Found Guceqim's Assorted Antiques.
  1627 | D:2      | Reached XP level 3. HP: 26/26 MP: 6/8
  1771 | D:2      | Reached skill level 4 in Air Magic
  2352 | D:2      | Identified the amulet "Diuhujif" {RegenMP Rampage Will-
                  | rCorr Int+6 Stlth-}
  2433 | D:2      | Learned a level 2 spell: Static Discharge
  2701 | D:3      | Reached XP level 4. HP: 33/33 MP: 6/9
  3245 | D:4      | Identified the +10 mace "Hawamump" {venom, rPois rCorr
                  | Dex+4}
  3328 | D:4      | Reached skill level 1 in Fighting
  3328 | D:4      | Reached skill level 1 in Armour
  3361 | D:4      | Reached XP level 5. HP: 35/40 MP: 7/10
  3579 | D:4      | Learned a level 3 spell: Swiftness
  3726 | D:4      | Found a transporter.
  3769 | D:4      | You fall into a shaft and drop 2 floors!
  3787 | D:6      | Reached skill level 5 in Air Magic
  3787 | D:6      | Reached XP level 6. HP: 9/48 MP: 11/11
  4885 | D:6      | Reached XP level 7. HP: 32/56 MP: 3/13
  5121 | D:6      | Learned a level 4 spell: Airstrike
  5419 | D:6      | Reached skill level 6 in Air Magic
  5419 | D:6      | Reached XP level 8. HP: 32/66 MP: 8/14
  5744 | D:6      | Reached skill level 5 in Dodging
  6073 | D:5      | Entered Level 5 of the Dungeon
  6303 | D:5      | Reached skill level 5 in Fighting
  6305 | D:5      | Reached skill level 7 in Air Magic
  6981 | D:5      | Reached skill level 8 in Air Magic
  7152 | D:5      | Reached XP level 9. HP: 74/74 MP: 7/15
  7882 | D:4      | Found a staircase to the Ecumenical Temple.
  8174 | D:4      | Noticed klau3's ghost (amateur MiBe)
  8175 | D:4      | Found a transporter.
  8175 | D:4      | Identified the +8 great mace of Diet Blood {drain, Str+3
                  | Dex+3}
  8283 | D:6      | Reached skill level 9 in Air Magic
  8879 | D:7      | Reached skill level 10 in Air Magic
  9337 | D:7      | Learned a level 2 spell: Passwall
  9455 | D:8      | Noticed Joseph
  9686 | D:8      | Killed Joseph
 10365 | D:8      | Identified a scroll of acquirement
 10365 | D:8      | Acquired the amulet "Zesagac" {rElec Regen+ MP+9 Dex-2}
 10648 | D:8      | Noticed Gastronok
 10671 | D:8      | Killed Gastronok
 10672 | D:8      | Reached skill level 11 in Air Magic
 10672 | D:8      | Reached skill level 1 in Conjurations
 10672 | D:8      | Reached skill level 1 in Transmutations
 10672 | D:8      | Reached skill level 1 in Evocations
 10672 | D:8      | Reached XP level 10. HP: 44/81 MP: 3/16
 10791 | D:8      | Noticed a two-headed ogre
 10796 | D:8      | Killed a two-headed ogre
 10903 | D:8      | Noticed a two-headed ogre
 10908 | D:8      | Killed a two-headed ogre
 11741 | D:9      | Noticed a two-headed ogre
 11907 | D:9      | Noticed Grum
 11922 | D:9      | Mangled by Grum

Illustrated notes

Levels and vault maps discovered:
D:1:      minmay_arrival_split_and_join, layout_rooms, serial_corexii_hall,
          corexii_hall_statues_l, corexii_hall_statues_x,
          corexii_hall_statues_i, corexii_hall_statues_u, corexii_corridor_pit
D:2:      minmay_diamond_boxcup, layout_basic, serial_shops,
          nicolae_shop_advertising_works [nicolae_subvault_shop_adworks],
          nicolae_ecumenical_lake_church
D:3:      layout_basic, mainiacjoe_overflow_surrounded_room, st_stairs_3
D:4:      layout_cave_pools, mainiacjoe_overflow_24_doors, temple_statues,
          gammafunk_ghost_smash
D:5:      cheibrodos_fzero, layout_basic, vehumet_statue, chequers_avenue
D:6:      layout_basic, minitemple, pdpol_wu_jian_five_deadly_venoms,
          mainiacjoe_overflow_tiny_flanked, gammafunk_temple_overflow_claw,
          grunt_potential
D:7:      layout_cave_pools, chequers_serial_rivers_micro_a, due_unseen_surprise
D:8:      layout_cave_pools, nicolae_ru_great_annihilating_truth, nicolae_wwwww,
          uniq_joseph, uniq_gastronok
D:9:      layout_loops_ring, enter_bailey_3, uniq_grum, uniq_erica, uniq_pikel

Skill      XL: |  1  2  3  4  5  6  7  8  9 10 |
---------------+-------------------------------+-----
Air Magic      | 3 4 5 6 8 11 | 11.0
Spellcasting   | 2 3 |  3.1
Dodging        | 2 3 4 5 |  5.8
Fighting       | 1 2 3 5 |  5.7
Armour         | 1 2 3 4 |  4.9
Stealth        | 2 3 |  3.0
Conjurations   | 1 2 |  2.9
Transmutations | 1 2 |  2.6
Evocations     | 1 2 |  2.7
Staves         | |  0.6

Action                   |  1- 3 |  4- 6 |  7- 9 | 10-12 || total
-------------------------+-------+-------+-------+-------++-------
Melee: Mace              |    13 |    37 |    38 |    29 ||   117
       Punch             |       |     1 |     1 |     1 ||     3
 Cast: Shock             |   111 |    68 |    23 |    15 ||   217
       Static Discharge  |       |     8 |     9 |     1 ||    18
       Airstrike         |       |       |   115 |    24 ||   139
       Passwall          |       |       |     2 |       ||     2
  Use: Scroll            |       |     9 |     9 |     3 ||    21
       Potion            |       |       |     3 |       ||     3
 Stab: Sleeping          |       |       |       |     1 ||     1
Armor: Robe              |    15 |    17 |    31 |       ||    63
       Ring mail         |       |       |       |    17 ||    17
Dodge: Dodged            |    28 |    45 |    97 |    31 ||   201
